 Dungeon Crawl Stone Soup version 0.29-a0-668-g12ee2bf84d (webtiles) character file.

Game seed: 11584483535871174179

2007 zeratav the Fighter (level 9, -1/75 HPs)
             Began as a Formicid Venom Mage on June 23, 2022.
             Was an Initiate of Nemelex Xobeh.
             Slain by an ice beast (11 damage)
             ... on level 7 of the Dungeon.
             The game lasted 00:14:18 (9704 turns).

zeratav the Fighter (Formicid Venom Mage)           Turns: 9704, Time: 00:14:18

Health: -1/75      AC: -6    Str: 18    XL:     9   Next: 46%
Magic:  16/16      EV: 12    Int: 14    God:    Nemelex Xobeh [......]
Gold:   372        SH:  0    Dex: 14    Spells: 13/18 levels left

rFire   . . .      SeeInvis +   a - +3 flail (protect) {mace}
rCold   . . .      Faith    .   (no shield)
rNeg    + . .      Spirit   .   A - +0 robe {rN+}
rPois   .          Reflect  .   (helmet unavailable)
rElec   .          Harm     .   n - scarf {shadows}
rCorr   .          Rampage  .   (no gloves)
Will    .....                   (no boots)
Stlth   +++.......              (no amulet)
HPRegen 0.22/turn               d - +4 ring of protection
MPRegen 0.15/turn               (no ring)

@: corroded
A: permanent stasis, dig shafts and tunnels, antennae 3, four strong arms
a: Dig, Shaft Self, Renounce Religion, Draw Escape, Draw Destruction, Draw
Summoning


You were on level 7 of the Dungeon.
You worshipped Nemelex Xobeh.
Nemelex Xobeh was noncommittal.
You visited 2 branches of the dungeon, and saw 8 of its levels.

You collected 412 gold pieces.
You spent 40 gold pieces at shops.


Innate Abilities, Weirdness & Mutations

You cannot be hasted, slowed, berserked, paralysed or teleported.
You can dig through walls and to a lower floor.
You have a pair of large antennae on your head. (SInv)
Your four strong arms can wield two-handed weapons with a shield.


   Skills:
 + Level 8.6 Fighting
 + Level 2.5 Maces & Flails
 - Level 1.7 Dodging
 - Level 5.0 Stealth
 + Level 3.4 Shields
 - Level 5.0 Spellcasting
 - Level 1.1 Transmutations
 - Level 8.0 Poison Magic


You had 13 spell levels left.
You knew the following spells:

 Your Spells              Type           Power      Damage    Failure   Level
a - Sting                 Tmut/Pois      64%        1d6       2%          1
b - Olgreb's Toxic Radia  Pois           25%        N/A       6%          4

Your spell library contained the following spells:

 Spells                   Type           Power      Damage    Failure   Level
 Poisonous Vapours        Pois/Air       28%        N/A       4%          2
 Magic Dart               Conj           12%        1d3       17%         1
 Wereblood                Tmut           6%         N/A       17%         2
 Mephitic Cloud           Conj/Pois/Air  10%        N/A       19%         3
 Searing Ray              Conj           6%         2d4       26%         2
 Sublimation of Blood     Necr           3%         N/A       26%         2
 Inner Flame              Hex/Fire       3%         N/A       45%         3
 Cause Fear               Hex            1%         N/A       86%         4
 Fulminant Prism          Conj/Hex       1%         3d6       86%         4
 Summon Hydra             Summ           1%         N/A       100%        7
 Discord                  Hex            1%         N/A       100%        8

Inventory:

Hand Weapons
 a - a +3 flail of protection (weapon) {mace}
   (You took it off Edmund on level 6 of the Dungeon)
 i - a +0 spear of venom {polearm}
   (You found it on level 2 of the Dungeon)
Armour
 n - a scarf of shadows (worn)
   (You found it on level 3 of the Dungeon)
 o - a +0 plate armour of cold resistance
   (You found it on level 3 of the Dungeon)
 t - a +0 kite shield
   (You found it on level 4 of the Dungeon)
 A - a +0 robe of positive energy (worn)
   (You found it on level 5 of the Dungeon)
Jewellery
 d - a +4 ring of protection (left hand)
   (You found it on level 1 of the Dungeon)
 w - a ring of fire
   (You found it on level 4 of the Dungeon)
Wands
 B - a wand of mindburst (7)
   (You found it on level 5 of the Dungeon)
Scrolls
 e - 2 scrolls of immolation {!r!r}
 f - a scroll of summoning
 j - 2 scrolls of fog
 l - 2 scrolls of amnesia
 p - 5 scrolls of poison {!r}
 s - 2 scrolls of identify {@r1}
 u - a scroll of enchant armour {unknown}
 v - a scroll of fear {unknown}
 x - a scroll of silence {unknown}
 y - a scroll of vulnerability {unknown}
 z - 2 scrolls of blinking {unknown}
 C - a scroll of acquirement {unknown}
Potions
 b - 2 potions of magic
 c - 3 potions of lignification {unknown}
 g - a potion of experience {unknown}
 h - a potion of heal wounds {unknown}
 k - a potion of degeneration {unknown}
 m - a potion of brilliance {unknown}
 q - a potion of might {unknown}
 r - a potion of curing {unknown}

Dungeon Overview and Level Annotations

Branches:
Dungeon (7/15) Zot: 25890  Temple (1/1) D:7 Zot: 5901

Altars:
Ashenzari
Dithmenos
Elyvilon
Fedhas
Gozag
Hepliaklqana
Kikubaaqudgha
Makhleb
Nemelex Xobeh
Okawaru
Qazlal
Ru
Sif Muna
Trog
Uskayaw
Vehumet
Wu Jian
Yredelemnul
Zin
The Shining One

Shops:
D:7 ?

Annotations:
D:2 exclusion: necrophage
D:4 Menkaure
D:6 3 runed translucent doors, DocClef's ghost, novice TeSu

..##.##.##.###.#
#.#
.....##........#
#.#
.....#####.#####
#.# .##### #+#
#.# ## .. #.# ##
... ####.# .##
.... ##.##.#
..###
.....####.....#
.....
.....Y@......##
..###
.....####...##
.## .... ##..#
## ... ##.# ..
#.# + #.# #.#


You could see an ice beast.


Message History

There is a staircase to the Ecumenical Temple here.
You climb downwards.
Welcome to the Ecumenical Temple!
Found a sparkling altar of Nemelex Xobeh and a burning altar of Makhleb.
There is a staircase back to the Dungeon here.
Found a hide-covered altar of Uskayaw.
Found an opulent altar of Gozag.
Found a glowing silver altar of Zin.
Found an iron altar of Okawaru.
Found a basalt altar of Yredelemnul.
Found an ornate altar of the Wu Jian Council.
Found a bloodstained altar of Trog.
Found a broken altar of Ashenzari.
Found an ancient bone altar of Kikubaaqudgha.
Found a hazy altar of Hepliaklqana.
Key pressed, stopping explore.
Key pressed, stopping explore.
Done exploring.
Done exploring.
Done exploring.
Done exploring.
Done exploring.
Done exploring.
Done exploring.
Done exploring.
Done exploring.
Done exploring.
Done exploring.
Search for what [Enter for "nem", or ? for help]? nem
There is a burning altar of Makhleb here.
There is a sparkling altar of Nemelex Xobeh here.
You kneel at the altar of Nemelex Xobeh.
Nemelex Xobeh welcomes you!
You can now draw from decks of power.
(D) Dungeon (T) Temple
Where to? (Enter - Temple @ (x,y), ? - help)
There is a staircase back to the Dungeon here.
You climb upwards.
Welcome back to the Dungeon!
There is a staircase to the Ecumenical Temple here.
s - 2 scrolls of identify {@r1} (gained 1)
You sense a monster nearby.
You open the door.
A jelly and an ice beast come into view.
You reach to attack!
The helpless jelly fails to defend itself.
You hit the jelly. You hit the jelly but do no damage. The acid corrodes you!
Your hands burn!
The jelly barely misses you.
HP[-4]
You take 4 damage, and now have 71/75 hp.
You hit the jelly but do no damage.
Your hands burn!
The jelly barely misses you.
HP[-4]
You take 4 damage, and now have 67/75 hp.
You hit the jelly.
The jelly is poisoned.
The acid corrodes you!
Your hands burn!
The jelly hits you. The acid corrodes you!
You are splashed with acid!
HP[-14]
You take 14 damage, and now have 53/75 hp.
You barely miss the jelly. The jelly hits you.
You are splashed with acid!
HP[-12]
You take 12 damage, and now have 41/75 hp.
You hit the jelly.
You kill the jelly!
HP[+1]
You hit the ice beast but do no damage. The ice beast closely misses you.
Your +0 spear of venom {polearm} stops dripping with poison.
Your +3 flail of protection {mace} hums with potential!
a - a +3 flail of protection (weapon)
{mace} The ice beast completely misses you.
You closely miss the ice beast. The ice beast closely misses you.
You hit the ice beast but do no damage.
Your weapon exudes an aura of protection.
The ice beast misses you.
HP[+1]
You hit the ice beast but do no damage. The ice beast hits you.
The ice beast freezes you.
* * * LOW HITPOINT WARNING * * *
The ice beast barely misses you.
HP[-7]
You take 7 damage, and now have 36/75 hp.
You hit the ice beast. The ice beast barely misses you.
You barely miss the ice beast. The ice beast completely misses you.
You closely miss the ice beast. The ice beast closely misses you.
HP[+1]
You closely miss the ice beast. The ice beast hits you.
* * * LOW HITPOINT WARNING * * *
The ice beast freezes you!
* * * LOW HITPOINT WARNING * * *
The ice beast hits you.
* * * LOW HITPOINT WARNING * * *
The ice beast freezes you!
* * * LOW HITPOINT WARNING * * *
HP[-26]
You take 26 damage, and now have 11/75 hp.
MASSIVE DAMAGE!! (PAUSE)
You closely miss the ice beast. The ice beast hits you.
* * * LOW HITPOINT WARNING * * *
The ice beast freezes you!
You die...
Your body disappears without a glow.

Skill      XL: |  1  2  3  4  5  6  7  8  9 |
---------------+----------------------------+-----
Poison Magic   | 5 6 7 8 |  8.0
Fighting       | 1 3 5 7 8 |  8.6
Stealth        | 3 5 |  5.0
Spellcasting   | 3 5 |  5.0
Shields        | 3 |  3.4
Maces & Flails | 2 |  2.5
Dodging        | |  1.7
Transmutations | |  1.1

Action                   |  1- 3 |  4- 6 |  7- 9 || total
-------------------------+-------+-------+-------++-------
Melee: Dagger            |    51 |       |       ||    51
       Spear             |    31 |   118 |   132 ||   281
       Punch             |       |     1 |     1 ||     2
       Flail             |       |       |    11 ||    11
 Cast: Sting             |    23 |     6 |     1 ||    30
       Olgreb's Toxic Ra |       |     6 |    37 ||    43
  Use: Scroll            |       |       |     7 ||     7
 Stab: Sleeping          |     1 |     8 |     3 ||    12
       Distracted        |       |     2 |       ||     2
Armor: Robe              |    41 |    26 |    34 ||   101
Dodge: Dodged            |    60 |    50 |   100 ||   210

Levels and vault maps discovered:
D:1:      dpeg_arrival_tiny_g, layout_loops_ring, serial_bayou,
          serial_bayou_pond_d, serial_bayou_ford_a, serial_bayou_lagoon_b,
          serial_bayou_lagoon_a, serial_bayou_pond_e, serial_bayou_pond_a,
          hellmonk_ecumenical_altar_prayer_group
D:2:      layout_basic
D:3:      layout_loops_ring, uniq_jessica
D:4:      layout_loops_corners, lemuel_old_faithful, uniq_menkaure
D:5:      layout_layer_cave, gammafunk_temple_overflow_wave,
          chequers_temple_overflow_statue_of_worship, uniq_duvessa
D:6:      layout_loops_cross, mainiacjoe_overflow_alcove_1,
          gammafunk_ghost_nasty_kobolds, chequers_avenue, uniq_edmund,
          uniq_crazy_yiuf_cottage
D:7:      layout_loops_corners, nicolae_ru_the_path_less_chosen,
          minmay_temple_entry_statues_pillars, serial_shops,
          nicolae_diamond_shop
Temple:   nicolae_temple_hex_pool

Notes
Turn   | Place    | Note
-------+----------+-------------------------------------------
     0 | D:1      | zeratav the Formicid Venom Mage began the quest for the
                  | Orb.
     0 | D:1      | Reached XP level 1. HP: 13/13 MP: 3/3
     0 | D:1      | magus.rc [v1.9.6]
   428 | D:1      | Reached XP level 2. HP: 19/19 MP: 3/5
   467 | D:1      | You pick up a book of Conjurations {@e2} and begin
                  | reading...
   467 | D:1      | You add the spells Magic Dart, Searing Ray and Fulminant
                  | Prism to your library.
   785 | D:1      | Reached skill level 5 in Poison Magic
   959 | D:1      | Found a faded altar of an unknown god.
  1300 | D:2      | Reached XP level 3. HP: 24/24 MP: 6/6
  1761 | D:2      | Reached skill level 6 in Poison Magic
  1821 | D:2      | Reached XP level 4. HP: 30/30 MP: 7/7
  1915 | D:2      | Noticed a necrophage
  2478 | D:3      | Noticed Jessica
  2483 | D:3      | Killed Jessica
  2567 | D:3      | Reached skill level 7 in Poison Magic
  2567 | D:3      | Reached XP level 5. HP: 19/35 MP: 6/8
  2737 | D:3      | Learned a level 4 spell: Olgreb's Toxic Radiance
  2823 | D:3      | You pick up a book of Hexes and begin reading...
  2823 | D:3      | You add the spells Inner Flame, Cause Fear and Discord to
                  | your library.
  3069 | D:3      | Identified the +1 short sword "Hydraslayer" {vorpal, rElec
                  | rF- rN+++ Int-4}
  3676 | D:4      | Reached skill level 8 in Poison Magic
  3832 | D:4      | Reached skill level 1 in Fighting
  3832 | D:4      | Reached XP level 6. HP: 35/43 MP: 9/9
  3890 | D:4      | Noticed Menkaure
  4108 | D:4      | Reached skill level 2 in Fighting
  4257 | D:4      | Noticed a black bear
  4462 | D:4      | Noticed a black bear
  4474 | D:4      | Killed a black bear
  4475 | D:4      | Reached skill level 3 in Fighting
  4475 | D:4      | Reached skill level 3 in Stealth
  4567 | D:4      | Reached XP level 7. HP: 39/52 MP: 1/10
  4577 | D:4      | Reached skill level 4 in Stealth
  4581 | D:4      | HP: 11/52 [orc wizard/magic dart (4)]
  4916 | D:4      | Reached skill level 4 in Fighting
  5319 | D:5      | Entered Level 5 of the Dungeon
  5319 | D:5      | Noticed Duvessa
  5319 | D:5      | Noticed Dowan
  5322 | D:5      | Reached skill level 5 in Stealth
  5327 | D:5      | Killed Dowan
  5328 | D:5      | Killed Duvessa
  5329 | D:5      | Reached skill level 3 in Spellcasting
  5467 | D:4      | Reached skill level 5 in Fighting
  5467 | D:4      | Reached XP level 8. HP: 44/62 MP: 4/12
  6088 | D:5      | Reached skill level 4 in Spellcasting
  6182 | D:5      | Reached skill level 6 in Fighting
  6835 | D:5      | Found a shimmering blue altar of Sif Muna.
  6836 | D:5      | Found a stormy altar of Qazlal.
  6837 | D:5      | Found a blossoming altar of Fedhas.
  6837 | D:5      | Found a radiant altar of Vehumet.
  6883 | D:5      | Reached skill level 5 in Spellcasting
  7267 | D:5      | Found a white marble altar of Elyvilon.
  7267 | D:5      | Found a shadowy altar of Dithmenos.
  7430 | D:6      | Noticed Edmund
  7461 | D:6      | Killed Edmund
  7462 | D:6      | Reached skill level 7 in Fighting
  7462 | D:6      | Reached XP level 9. HP: 72/72 MP: 1/16
  7715 | D:6      | You pick up a book of Blood and begin reading...
  7715 | D:6      | You add the spells Sublimation of Blood, Wereblood and
                  | Summon Hydra to your library.
  7971 | D:6      | Reached skill level 8 in Fighting
  7976 | D:6      | Reached skill level 1 in Shields
  8049 | D:6      | Found a glowing golden altar of the Shining One.
  8131 | D:6      | Found a runed translucent gate.
  8131 | D:6      | Found a runed translucent gate.
  8131 | D:6      | Found a runed translucent gate.
  8133 | D:6      | Noticed a kobold demonologist
  8133 | D:6      | Noticed DocClef's ghost (novice TeSu)
  8564 | D:6      | Found a runed translucent door.
  8565 | D:6      | Noticed Crazy Yiuf
  8577 | D:6      | Killed Crazy Yiuf
  8725 | D:7      | Reached skill level 1 in Maces & Flails
  8761 | D:7      | Reached skill level 2 in Shields
  8844 | D:7      | Found a sacrificial altar of Ru.
  8904 | D:7      | Reached skill level 2 in Maces & Flails
  9177 | D:7      | Found Puylakk's Magic Scroll Shop.
  9190 | D:7      | Reached skill level 3 in Shields
  9238 | D:7      | Bought a scroll of identify for 20 gold pieces
  9238 | D:7      | Bought a scroll of identify for 20 gold pieces
  9535 | D:7      | Found a staircase to the Ecumenical Temple.
  9542 | Temple   | Entered the Ecumenical Temple
  9637 | Temple   | Became a worshipper of Nemelex Xobeh the Trickster
  9703 | D:7      | HP: 11/75 [ice beast (12)]
  9704 | D:7      | Slain by an ice beast

Vanquished Creatures
  A steam dragon (D:5)
  Edmund (D:6)
  Duvessa (D:5)
  A sky beast (D:7)
  2 black bears (D:4)
  2 ogres
  A centaur (D:5)
  A phantom (D:7)
  A bullfrog (D:6)
  A scorpion (D:7)
  Dowan (D:5)
  A howler monkey (D:6)
  4 orc priests
  4 hounds
  2 jellies
  Crazy Yiuf (D:6)
  Jessica (D:3)
  7 iguanas
  5 orc wizards
  9 adders
  2 ufetubi
  A dart slug (D:2)
  28 orcs
  2 ball pythons
  4 bats
  5 endoplasms
  2 giant cockroaches
  10 goblins
  4 hobgoblins
  4 frilled lizards
  9 kobolds
  5 rats
123 creatures vanquished.

Vanquished Creatures (others)
  An orc wizard (D:7)
  3 fungi (D:6)
  5 plants
9 creatures vanquished.

Grand Total: 132 creatures vanquished

Table legend:
 A = Non-vault XP
 B = Vault XP
 C = Vault XP percentage of total XP
 D = Non-vault monster count
 E = Vault monster count
 F = Vault count percentage of total count
                 A         B        C        D         E       F
            +---------+---------+-------+---------+---------+-------
      Total |    2421 |     447 |  15.6 |     115 |       9 |   7.3
            +---------+---------+-------+---------+---------+-------
        D:1 |      20 |       7 |  25.9 |      12 |       4 |  25.0
        D:2 |      48 |       0 |   0.0 |      13 |       0 |   0.0
        D:3 |     126 |      37 |  22.7 |      22 |       1 |   4.3
        D:4 |     705 |       0 |   0.0 |      24 |       0 |   0.0
        D:5 |     659 |     202 |  23.5 |      14 |       2 |  12.5
        D:6 |     275 |     201 |  42.2 |      14 |       2 |  12.5
        D:7 |     588 |       0 |   0.0 |      16 |       0 |   0.0
            +---------+---------+-------+---------+---------+-------

Illustrated notes

Table legend:
 A = Kills in this place as a percentage of kills in entire the game.
 B = Kills by you in this place as a percentage of kills by you in the entire game.
 C = Kills by friends in this place as a percentage of kills by friends in the entire game.
 D = Other kills in this place as a percentage of other kills in the entire game.
 E = Experience gained in this place as a percentage of experience gained in the entire game.
 F = Experience gained in this place divided by the number of levels of this place that you have seen.
                   A       B       C       D       E      F
               +-------+-------+-------+-------+-------+----------------------
         Total | 100.0 | 100.0 |   N/A | 100.0 | 100.0 | 358.5
       Dungeon | 100.0 | 100.0 |   N/A | 100.0 | 100.0 | 409.7
               +-------+-------+-------+-------+-------+----------------------

Table legend: (Time is in decaauts)
 A = Elapsed time spent in this place.
 B = Non-inter-level travel time spent in this place.
 C = Inter-level travel time spent in this place.
 D = Time resting spent in this place.
 E = Time spent auto-exploring this place.
 F = Levels seen in this place.
 G = Mean time per level.
                   A        B        C        D        E       F      G
               +--------+--------+--------+--------+--------+-----+--------+
         Total |   9780 |   9394 |    386 |   1895 |   6203 |   8 | 1222.5 |
       Dungeon |   9681 |   9309 |    372 |   1895 |   6129 |   7 | 1383.0 |
        Temple |     98 |     85 |     13 |      0 |     74 |   1 |   98.0 |
               +--------+--------+--------+--------+--------+-----+--------+

Top non-repeatable levels by time:
     D:4: 1914 daAuts
     D:5: 1760 daAuts
     D:6: 1366 daAuts
     D:1: 1277 daAuts
     D:2: 1239 daAuts
     D:3: 1202 daAuts
     D:7: 921 daAuts
  Temple: 98 daAuts
